 Dungeon Crawl Stone Soup version 0.22.1-1-ga44c0e5 (webtiles) character file.

760 jombi the Poker (level 7, -3/60 HPs)
             Began as a Demonspawn Chaos Knight on Oct 27, 2018.
             Killed from afar by Prince Ribbit the shock serpent (shapeshifter) (12 damage)
             ... with a bolt of electricity
             ... on level 5 of the Dungeon.
             The game lasted 00:16:28 (5139 turns).

jombi the Poker (Demonspawn Chaos Knight)           Turns: 5139, Time: 00:16:29

Health: -3/60      AC:  7    Str: 12    XL:     7   Next: 50%
Magic:  0/16       EV: 26    Int: 16    God:    Xom [.....*]
Gold:   228        SH:  0    Dex: 12    Spells: 6/6 levels left

rFire    . . .     SeeInvis .   b - +0 blowgun
rCold    + . .     Gourm    .   (no shield)
rNeg     . . .     Faith    .   r - +2 leather armour
rPois    .         Spirit   +   (helmet restricted)
rElec    .         Reflect  .   (no cloak)
rCorr    .         Harm     .   (no gloves)
MR       +....                  (no boots)
Stlth    +.........             f - amulet of the acrobat
HPRegen  0.20/turn              e - ring of protection from magic
MPRegen  0.30/turn              w - ring of magical power

@: no status effects
A: horns 1, yellow scales 1, cold resistance 1, robust 1, magic shield, magic
regeneration, freezing cloud immunity, MP-powered wands
a: Renounce Religion


You were on level 5 of the Dungeon.
You worshipped Xom.
You were Xom's teddy bear.
You were not hungry.

You visited 2 branches of the dungeon, and saw 6 of its levels.

You collected 228 gold pieces.

Inventory:

Hand Weapons
 a - a +1 spear of freezing
 b - a +0 blowgun (weapon)
 p - a +0 spear of chaos
 t - the +3 whip "Weun" {elec, rF++ Int+3}
   (You found it on level 4 of the Dungeon)

   Occasionally, upon striking a foe, it will discharge some electrical energy
   and cause terrible harm.
   It affects your intelligence (+3).
   It greatly protects you from fire.
 y - the +3 Elemental Staff {rElec rF++ rC++ MR++ AC+5}
   (Xom gifted it to you on level 5 of the Dungeon)

   It affects your AC (+5).
   It greatly protects you from fire.
   It greatly protects you from cold.
   It insulates you from electricity.
   It affects your resistance to hostile enchantments.
Missiles
 m - 7 javelins
 s - 14 poisoned needles (quivered)
 B - 36 stones
Armour
 r - a +2 leather armour (worn)
Jewellery
 d - an uncursed ring of flight
 e - a ring of protection from magic (left hand)
 f - an amulet of the acrobat (around neck)
 k - an uncursed ring of see invisible
 u - an uncursed ring of resist corrosion
 w - a ring of magical power (right hand)
Scrolls
 g - 4 scrolls of teleportation
 h - 3 scrolls of remove curse
 i - 2 scrolls of identify
 j - a scroll of noise {unknown}
 l - a scroll of immolation {unknown}
 q - a scroll of amnesia {unknown}
 x - 2 scrolls of fear {unknown}
 C - a scroll of enchant weapon {unknown}
Potions
 o - 2 potions of agility {unknown}
 v - a potion of flight {unknown}
 z - 2 potions of cancellation {unknown}
 A - 3 potions of curing {unknown}
Comestibles
 c - 10 rations


   Skills:
 - Level 4.7 Fighting
 - Level 3.3 Maces & Flails
 - Level 5.6 Polearms
 + Level 1.3 Throwing
 + Level 3.1 Armour
 - Level 0.8 Dodging
 * Level 0.1 Evocations


You had 6 spell levels left.
You didn't know any spells.
Your spell library was empty.

Dungeon Overview and Level Annotations

Branches:
Dungeon (5/15)             Temple (1/1) D:5

Altars:
Kikubaaqudgha
Okawaru
Xom
Yredelemnul
Zin

Annotations:
D:5 Prince Ribbit


Innate Abilities, Weirdness & Mutations

You have a pair of small horns on your head.
You are partially covered in yellow scales. (AC +2)
Your flesh is cold resistant. (rC+)
When hurt, damage is shared between your health and your magic reserves.
You regenerate magic rapidly.
You are immune to freezing clouds.
You are robust. (+10% HP)
You expend magic power (3 MP) to strengthen your wands.


Message History

"This might be better!"
Prince Ribbit seems to slow down.
Prince Ribbit shoots out a bolt of lightning at you!
The bolt of electricity misses you.
You see here 2 poisoned needles.
s - 14 poisoned needles (gained 2) Xom adds some personal touches to your environment.
Prince Ribbit shoots out a bolt of lightning at you!
The bolt of electricity hits you!
* * * LOW HITPOINT WARNING * * *
The bolt of electricity misses you. "See what I see, my child!"
You detect nothing.
Prince Ribbit bites you.
* * * LOW HITPOINT WARNING * * *
Prince Ribbit shocks you!
* * * LOW HITPOINT WARNING * * *
Prince Ribbit shoots out a bolt of lightning at you!
The bolt of electricity hits you!
You die...
Xom is highly amused!

# #.............###.# #
#................#.
###############..#####.####...###
.................## #.# #..## #
###############...####.# #.##
#.........<.# #..## #
#.##.._###### #...###
###.###.......# #..#.#.
#.....#@#####.# #..##.#
####.#.#(#.#####.####..##.#
#..........S....._........#
#.##.#.#.############..####
#######.##.....# ##.#
#.......####.### #.#
#.###....###.###### #.# #.#
#.##..........# #.# #.#
#.######.####.# #.#


You could see Prince Ribbit the shock serpent.

Vanquished Creatures
  Eustachio (D:5)
  A swamp drake (shapeshifter) (D:1)
  A bullfrog (D:4)
  A howler monkey (D:4)
  A crimson imp (D:5)
  3 hounds
  2 worker ants (D:4)
  A howler monkey skeleton (D:4)
  6 gnolls
  8 adders
  An ooze (D:2)
  An adder skeleton (D:5)
  2 worms
  2 dart slugs
  3 leopard geckos
  An orc (D:2)
  A giant cockroach (D:2)
  17 goblins
  11 hobgoblins
  13 jackals
  2 quokkas
  5 bats
  8 frilled lizards
  8 kobolds
  A leopard gecko skeleton (D:4)
  5 rats
106 creatures vanquished.

Notes
Turn   | Place    | Note
-------+----------+-------------------------------------------
     0 | D:1      | jombi the Demonspawn Chaos Knight began the quest for the
                  | Orb.
     0 | D:1      | Reached XP level 1. HP: 18/18 MP: 1/1
    84 | D:1      | XOM: harmless Tloc miscast
   136 | D:1      | Reached skill level 3 in Polearms
   161 | D:1      | Gained mutation: You have a pair of small horns on your
                  | head. [demonic ancestry]
   161 | D:1      | Reached XP level 2. HP: 24/24 MP: 2/2
   172 | D:1      | Noticed a swamp drake
   172 | D:1      | a kobold changed into a swamp drake
   192 | D:1      | XOM: harmless Chrm miscast
   195 | D:1      | Killed a swamp drake
   195 | D:1      | Reached skill level 4 in Polearms
   195 | D:1      | Gained mutation: Your flesh is cold resistant. (rC+)
                  | [demonic ancestry]
   195 | D:1      | Reached XP level 3. HP: 17/30 MP: 3/3
   195 | D:1      | Gained mutation: You are immune to freezing clouds.
                  | [demonic ancestry]
   195 | D:1      | Reached XP level 4. HP: 22/37 MP: 4/4
   699 | D:1      | XOM: mild Tmut miscast
  1102 | D:2      | Gained mutation: When hurt, damage is shared between your
                  | health and your magic reserves. [demonic ancestry]
  1102 | D:2      | Reached XP level 5. HP: 42/42 MP: 5/5
  1713 | D:3      | XOM: give mutations
  1713 | D:3      | Gained mutation: You are robust. (+10% HP) [Xom's grace]
  1713 | D:3      | Gained mutation: You expend magic power (3 MP) to
                  | strengthen your wands. [Xom's grace]
  1909 | D:3      | XOM: summons friendly crimson imp
  1925 | D:3      | Reached skill level 5 in Polearms
  2214 | D:3      | XOM: 9-stop teleportation journey
  2310 | D:3      | XOM: enchant monster (good)
  2404 | D:3      | XOM: cast spell 'Summon Small Mammal'
  2471 | D:2      | XOM: noise
  2658 | D:2      | Gained mutation: You regenerate magic rapidly. [demonic
                  | ancestry]
  2658 | D:2      | Reached XP level 6. HP: 41/52 MP: 6/6
  2929 | D:4      | Reached skill level 1 in Throwing
  3100 | D:4      | Got a brightly glowing whip
  3103 | D:4      | Identified the +3 whip "Weun" {elec, rF++ Int+3} (You found
                  | it on level 4 of the Dungeon)
  3552 | D:4      | XOM: mild Pois miscast
  3729 | D:4      | Reached skill level 1 in Maces & Flails
  3749 | D:4      | XOM: summons 3 hostile demons
  3850 | D:4      | XOM: mild Chrm miscast
  3934 | D:4      | Gained mutation: You are partially covered in yellow
                  | scales. (AC +2) [demonic ancestry]
  3934 | D:4      | Reached XP level 7. HP: 60/60 MP: 7/7
  4033 | D:5      | Entered Level 5 of the Dungeon
  4211 | D:5      | Noticed Eustachio
  4221 | D:5      | XOM: fog
  4232 | D:5      | Killed Eustachio
  4323 | D:5      | XOM: divination: detect items
  4328 | D:5      | XOM: god gift: +3 Elemental Staff {rElec rF++ rC++ MR++
                  | AC+5}
  4329 | D:5      | Found the +3 Elemental Staff {rElec rF++ rC++ MR++ AC+5}
  4420 | D:5      | Found a staircase to the Ecumenical Temple.
  4429 | Temple   | XOM: noise
  4429 | Temple   | Entered the Ecumenical Temple
  4480 | D:5      | XOM: god gift: 10 stones
  4487 | D:5      | Noticed Prince Ribbit
  4490 | D:5      | XOM: potion effect (brilliance)
  4506 | D:5      | Noticed Prince Ribbit
  4506 | D:5      | Prince Ribbit changed into Prince Ribbit the crocodile
  4506 | D:5      | XOM: polymorph Prince Ribbit -> Prince Ribbit the crocodile
  4511 | D:5      | XOM: summons friendly white imp
  4677 | D:5      | Noticed Prince Ribbit
  4677 | D:5      | Prince Ribbit the crocodile changed into Prince Ribbit the
                  | rime drake
  4677 | D:5      | XOM: polymorph Prince Ribbit the crocodile -> Prince Ribbit
                  | the rime drake
  4680 | D:5      | Noticed Prince Ribbit
  4680 | D:5      | Prince Ribbit the rime drake changed into Prince Ribbit the
                  | yak
  4680 | D:5      | XOM: polymorph Prince Ribbit the rime drake -> Prince
                  | Ribbit the yak
  4690 | D:5      | XOM: summons friendly iron imp
  4691 | D:5      | Noticed Prince Ribbit
  4691 | D:5      | Prince Ribbit the yak changed into Prince Ribbit the queen
                  | bee
  5006 | D:5      | Noticed Prince Ribbit
  5012 | D:5      | XOM: divination: detect creatures
  5025 | D:5      | XOM: god gift: scroll of teleportation
  5112 | D:5      | Noticed Prince Ribbit
  5119 | D:5      | XOM: enchant monster (good)
  5131 | D:5      | XOM: scenery: create altars
  5137 | D:5      | XOM: divination: detect creatures
  5139 | D:5      | Killed from afar by Prince Ribbit the shock serpent
                  | (shapeshifter)

Skill      XL: |  1  2  3  4  5  6  7 |
---------------+----------------------+-----
Polearms       | 3 4 5 |  5.6
Armour         | 2 3 |  3.1
Fighting       | 4 |  4.7
Throwing       | 1 |  1.3
Maces & Flails | 1 3 |  3.3
Dodging        | |  0.8
Evocations     | |  0.1

Action                   |  1- 3 |  4- 6 |  7- 9 || total
-------------------------+-------+-------+-------++-------
Melee: Spear             |    38 |   216 |       ||   254
       Headbutt          |     3 |    25 |    11 ||    39
       Whip              |       |    56 |    37 ||    93
       Staff             |       |       |    39 ||    39
 Fire: Blowgun           |       |    17 |     3 ||    20
Throw: Javelin           |       |       |     1 ||     1
  Use: Potion            |       |     1 |     1 ||     2
       Scroll            |       |     3 |     1 ||     4
 Stab: Paralysed         |     1 |     4 |       ||     5
       Petrified         |     6 |       |       ||     6
       Sleeping          |       |     1 |       ||     1
  Eat: Chunk             |       |    10 |     1 ||    11
       Ration            |       |       |     1 ||     1
Armor: Leather armour    |     6 |    58 |    27 ||    91
Dodge: Dodged            |    11 |   151 |    46 ||   208
